AoeStats
← AiM | Facu1414

African Clearing

505576097Analyzed
4v4 RM · 22d ago on Sep 10, 2026· 44m 47s· 8 players
Game mode
Random Map
Map size
Large (8 player)
Population
200
Speed
Normal
Resources
Standard
Victory
Conquest
Starting age
Dark Age
Ending age
Imperial Age
RankedLock teamsTeams togetherTeam positionsShared explorationLock speedFull tech treeHidden civsTurbo modeCheats
Victory
Defeat
🇨🇱 Persians · Chile
1653
+13
🇨🇱 Huns · Chile
1604
+15
1596
+15
🇦🇷 Magyars · Argentina
1579
+17
🇻🇪 Maya · Venezuela
1600
-15
🇹🇼 Italians · Taiwan
1594
-15
🇨🇳 Vietnamese · China
1578
-15
🇨🇳 Persians · China
1575
-15
lemon tea
8:03 Loom
11:03 Feudal Age
11:06 Man-at-Arms
12:22 Town Watch
14:12 Arson
19:00 Fletching
20:11 Double-Bit Axe
21:12 Padded Archer Armor
27:28 Castle Age
25:47 Horse Collar
26:53 Scale Barding Armor
27:53 Bloodlines
28:51 Chain Barding Armor
30:11 Husbandry
30:29 Forging
32:59 Bow Saw
33:56 Gold Mining
35:51 Wheelbarrow
39:29 Hand Cart
40:21 Iron Casting
Raven
8:50 Loom
13:36 Feudal Age
20:25 Castle Age
18:29 Double-Bit Axe
19:59 Fletching
25:55 Bodkin Arrow
32:29 Padded Archer Armor
37:34 Ballistics
38:38 Leather Archer Armor
40:27 Town Watch
41:23 Wheelbarrow
42:03 Bow Saw
43:56 Thumb Ring
执者如旗
10:57 Loom
13:17 Feudal Age
14:54 Double-Bit Axe
19:44 Castle Age
19:06 Scale Barding Armor
19:11 Forging
25:29 Wheelbarrow
25:48 Scale Mail Armor
26:10 Chain Barding Armor
26:18 Light Cavalry
27:00 Husbandry
34:50 Bow Saw
38:30 Scale Mail Armor
43:31 Gold Mining
AndresCast
13:17 Feudal Age
17:26 Castle Age
16:51 Fletching
16:47 Double-Bit Axe
18:36 Loom
19:38 Bodkin Arrow
28:26 Horse Collar
34:02 Ballistics
34:03 Heavy Plow
36:51 Padded Archer Armor
38:17 Wheelbarrow
45:07 Imperial Age
43:18 Scale Mail Armor
43:51 Pikeman
44:42 Forging
44:59 Squires
CTM | HerectorAlejandroBotas
3:44 Loom
5:27 Loom
11:57 Feudal Age
12:40 Double-Bit Axe
15:03 Forging
17:32 Town Watch
18:55 Scale Barding Armor
23:55 Castle Age
22:11 Gold Mining
22:38 Domestication
25:16 Iron Casting
30:16 Husbandry
31:01 Bow Saw
35:47 Chain Barding Armor
36:33 Light Cavalry
37:26 Scale Mail Armor
38:30 Wheelbarrow
38:20 Squires
41:05 Chain Mail Armor
41:50 Hand Cart
45:42 Imperial Age
43:46 Arson
AiM | EleuieseKa
5:38 Loom
13:50 Feudal Age
14:14 Feudal Age
15:14 Double-Bit Axe
17:56 Castle Age
18:19 Bloodlines
18:15 Scale Barding Armor
27:24 Wheelbarrow
28:15 Chain Barding Armor
29:20 Horse Collar
30:31 Hand Cart
30:44 Husbandry
35:46 Forging
35:31 Gold Mining
35:42 Heavy Plow
35:55 Bow Saw
39:36 Imperial Age
39:04 Gold Shaft Mining
39:29 Iron Casting
39:23 Cavalier
40:40 Plate Barding Armor
40:52 Heavy Camel Rider
41:08 Savar
43:53 Blast Furnace
43:24 Stone Mining
AiM | Facu1414
6:27 Loom
13:52 Feudal Age
14:54 Double-Bit Axe
18:51 Castle Age
21:03 Town Watch
27:21 Corvinian Army
30:22 Scale Barding Armor
38:31 Fletching
41:30 Chain Barding Armor
42:29 Horse Collar
43:00 Bow Saw
43:04 Bloodlines
42:54 Husbandry
43:24 Bodkin Arrow
43:29 Padded Archer Armor
44:00 Husbandry
45:27 Ballistics
AiM | Shuffle
8:51 Loom
11:08 Feudal Age
13:34 Double-Bit Axe
17:03 Fletching
22:31 Castle Age
21:44 Padded Archer Armor
22:31 Gold Mining
23:23 Husbandry
23:28 Bodkin Arrow
25:36 Bow Saw
26:27 Bloodlines
29:57 Horse Collar
38:35 Wheelbarrow
38:34 Elite Skirmisher
39:30 Leather Archer Armor
44:06 Imperial Age
41:11 Elite Skirmisher
42:24 Thumb Ring
42:10 Town Watch
43:16 Hand Cart
43:07 Heavy Plow
43:43 Leather Archer Armor
44:20 Ballistics
45:16 Bracer
Connection lost

Rejoining the realm…

Still unreachable

The connection could not be restored.

Session expired

The server has moved on; the page needs a fresh start.